 Dungeon Crawl Stone Soup version 0.30-a0-634-g8abc85282e (console) character file.

Game seed: 1575738885541024557

75182 jejorda2 the Impaler (level 15, -1/190 HPs)
             Began as a Merfolk Berserker on Jan 14, 2023.
             Was a High Priest of Trog.
             Slain by a skeletal warrior
             ... wielding a +0 long sword
              (17 damage)
             ... on level 14 of the Dungeon.
             The game lasted 00:49:29 (18193 turns).

jejorda2 the Impaler (Merfolk Berserker)           Turns: 18193, Time: 00:49:30

Health: -1/190     AC: 19    Str: 24    XL:     15   Next: 49%
Magic:  15/15      EV: 14    Int:  7    God:    Trog [*****.]
Gold:   1661       SH:  0    Dex: 14    Spells: 14/14 levels left

rFire   + . .      SeeInvis .    a - +5 glaive (heavy)
rCold   + . .      Faith    .    (shield currently unavailable)
rNeg    . . .      Spirit   .    s - +2 scale mail {rPois}
rPois   +          Reflect  .    l - +2 helmet
rElec   .          Harm     .    Q - +0 cloak
rCorr   .          Rampage  .    S - +2 pair of gloves {Stlth+}
Will    +....                    C - +0 pair of boots Stlth
                                 q - amulet of regeneration
HPRegen 1.31/turn                y - ring of protection from cold
MPRegen 0.14/turn                h - ring of protection from fire

@: berserking (expiring), very quick
A: (nimble swimmer 2), mertail
a: Renounce Religion, Berserk, Trog's Hand, Brothers in Arms


You were on level 14 of the Dungeon.
You worshipped Trog.
Trog was extremely pleased with you.
You visited 2 branches of the dungeon, and saw 19 of its levels.

You collected 1661 gold pieces.

Inventory:

Hand Weapons
 a - a +5 heavy glaive (weapon)
 b - a +0 halberd of flaming
 U - a +1 antimagic glaive
Missiles
 d - 11 curare-tipped darts
 t - 31 poisoned darts (quivered)
 z - 2 boomerangs of dispersal
 K - 3 boomerangs
 N - 9 atropa-tipped darts
 O - 2 throwing nets
Armour
 c - a +2 pair of gloves
 l - a +2 helmet (worn)
 s - a +2 scale mail of poison resistance (worn)
 C - a +0 pair of boots (worn)
 H - a +0 plate armour
 Q - a +0 cloak (worn)
 S - a +2 pair of gloves of stealth (worn)
Jewellery
 h - a ring of protection from fire (right hand)
 q - an amulet of regeneration (around neck)
 y - a ring of protection from cold (left hand)
 E - a ring of protection from fire
 G - a +4 ring of protection
 V - a ring of positive energy
Wands
 g - a wand of flame (88)
 v - a wand of roots (23)
 I - a wand of polymorph (11)
 J - a wand of light (3)
 L - a wand of paralysis (11)
Scrolls
 e - 5 scrolls of immolation
 i - 4 scrolls of fog
 k - 8 scrolls of teleportation
 p - 4 scrolls of enchant weapon
 A - 2 scrolls of summoning
 B - a scroll of poison
 D - 2 scrolls of vulnerability
 F - 2 scrolls of blinking
 T - 2 scrolls of fear
 W - a scroll of silence
Potions
 f - a potion of flight
 j - 4 potions of heal wounds
 m - a potion of cancellation
 n - 4 potions of haste
 o - 7 potions of curing
 r - a potion of berserk rage
 u - 2 potions of lignification
 w - 2 potions of mutation
 x - 4 potions of attraction
 M - a potion of invisibility
 P - a potion of might
 R - a potion of resistance


   Skills:
 * Level 14.8 Fighting
 - Level 20.0 Polearms
 - Level 12.0 Throwing
 + Level 7.6 Armour
 + Level 9.9 Dodging
 - Level 7.0 Evocations


You had 14 spell levels left.
You didn't know any spells.
Your spell library was empty.

Dungeon Overview and Level Annotations

Branches:
Dungeon (14/15)            Temple (0/1) D:6            Lair (5/5) D:8
  Swamp (0/4) Lair:3        Snake (0/4) Lair:2        Slime (0/5) Lair:5
    Orc (0/2) D:10         Vaults (0/5) D:13

Altars:
Fedhas
Gozag
Hepliaklqana
Okawaru
Yredelemnul
Zin
Jiyva

Shops:
D:12 :


Innate Abilities, Weirdness & Mutations

((You are very nimble when in or above water. (Stealth+, EV+, Speed+++)))
Your lower body shifts to a powerful aquatic tail in water.


Message History

You are too injured to fight recklessly!
You closely miss the skeletal warrior. You slice the skeletal warrior!!
The skeletal warrior is heavily damaged.
The skeletal warrior hits you with a +1 vampiric battleaxe!
* * * LOW HITPOINT WARNING * * *
The skeletal warrior hits you with a +0 short sword!
* * * LOW HITPOINT WARNING * * *
You slash the skeletal warrior!
The skeletal warrior is severely damaged.
The skeletal warrior hits you with a +1 vampiric battleaxe!
* * * LOW HITPOINT WARNING * * *
The skeletal warrior hits you with a +0 flail.
* * * LOW HITPOINT WARNING * * *
The skeletal warrior hits you with a +0 short sword!
* * * LOW HITPOINT WARNING * * *
You cut the skeletal warrior into ribbons!!!
You destroy the skeletal warrior!
Trog accepts your kill.
An orc comes into view. It is wielding a +0 trident.
The skeletal warrior barely misses you.
Items here: ) [.
You slash the skeletal warrior!
The skeletal warrior is almost destroyed.
You closely miss the skeletal warrior.
The skeletal warrior is moderately damaged.
You slash the skeletal warrior!
The skeletal warrior is heavily damaged.
The skeletal warrior hits you with a +0 flail!
* * * LOW HITPOINT WARNING * * *
You open the skeletal warrior like a pillowcase!!!
You destroy the skeletal warrior!
Trog accepts your kill. The orc misses you.
You cut the skeletal warrior into ribbons!!!
You destroy the skeletal warrior!
Trog accepts your kill.
You barely miss the skeletal warrior. The orc barely misses you.
The skeletal warrior hits you with a +0 long sword!
You die...

#........#...#..#
#..#.###.#...#..#
#......#.#...#..#
#....#.#.#...#..#
#....#...#..z#..#
#..#.#####.†z#..#
#...#..........o.#
...##########.##z#
..# #.oz@# ##
######


You could see 2 skeletal warriors, an orc wizard and an orc.

Vanquished Creatures
  Gastronok (D:8)
  A dire elephant (Lair:5)
  Snorg (Lair:4)
  5 hydras
  A ghost crab (Lair:3)
  4 vault guards (D:13)
  Harold (Lair:2)
  Erica (D:8)
  6 death yaks (Lair:5)
  2 boulder beetles (D:13)
  A catoblepas (Lair:5)
  A tengu warrior (D:13)
  A deep troll shaman (Lair:5)
  Sonja (Lair:1)
  A spectral death yak (Lair:3)
  A fire crab (Lair:2)
  Nergalle (Lair:1)
  3 skeletal warriors (D:14)
  Lodul (D:10)
  A slime creature (D:13)
  A harpy (shapeshifter) (D:14)
  A deep elf pyromancer (D:13)
  A wolf spider (Lair:5)
  3 ugly things
  2 oklob plants (Lair:5)
  3 manticores (D:13)
  18 elephants
  Joseph (D:8)
  4 black mambas
  4 cyclopes
  A gargoyle (D:13)
  A torpor snail (Lair:5)
  A rime drake (shapeshifter) (D:13)
  11 komodo dragons
  13 cane toads
  8 kobold demonologists
  2 rime drakes
  6 trolls
  5 polar bears
  A hornet (D:7)
  A spectral lindwurm (Lair:3)
  12 blink frogs
  4 centaur simulacra (D:10)
  2 shadows
  2 wraiths
  4 wyverns
  A vampire (D:12)
  A fire elemental (Lair:2)
  58 yaks
  An unseen horror simulacrum (D:10)
  3 fire bats
  Menkaure (D:6)
  Grum (D:8)
  4 basilisks
  2 steam dragons
  3 acid dragons
  5 nagas (Lair:2)
  9 water moccasins
  2 hell hounds (Lair:2)
  Duvessa (D:6)
  3 orc warriors
  A swamp drake (D:8)
  6 ice beasts
  2 sky beasts
  7 ogres
  38 wolves
  22 centaurs
  Blork the orc (D:6)
  5 kobold brigands
  A necrophage (D:7)
  13 bullfrogs
  5 scorpions
  8 wights
  Dowan (D:6)
  5 killer bees (D:10)
  3 electric eels
  2 howler monkeys
  A gnoll bouda (D:8)
  2 hounds (D:4)
  4 orc priests
  Jessica (D:3)
  3 iguanas
  13 orc wizards
  A killer bee simulacrum (D:8)
  Robin (D:4)
  6 gnolls
  6 adders
  5 white imps
  5 ufetubi
  2 dart slugs
  27 orcs
  11 ball pythons
  6 bats
  2 endoplasms (D:1)
  3 giant cockroaches
  13 goblins
  8 hobgoblins
  4 jackals
  30 kobolds
  2 quokkas (D:2)
  7 frilled lizards
  4 rats
529 creatures vanquished.

Vanquished Creatures (collateral kills)
  A hydra (Lair:5)
  A cyclops (D:13)
  3 elephants (Lair:5)
  A black mamba (Lair:5)
  2 wolves (Lair:5)
8 creatures vanquished.

Vanquished Creatures (others)
  18 fungi
  13 plants
31 creatures vanquished.

Grand Total: 568 creatures vanquished

Notes
Turn   | Place    | Note
-------+----------+-------------------------------------------
     0 | D:1      | jejorda2 the Merfolk Berserker began the quest for the Orb.
     0 | D:1      | Reached XP level 1. HP: 18/18 MP: 1/1
   102 | D:1      | Reached XP level 2. HP: 24/24 MP: 2/2
   231 | D:1      | Reached XP level 3. HP: 29/29 MP: 3/3
   458 | D:1      | Reached skill level 5 in Polearms
   601 | D:1      | Reached ** piety under Trog
  1043 | D:2      | Reached XP level 4. HP: 36/37 MP: 4/4
  1495 | D:3      | Noticed Jessica
  1506 | D:3      | Killed Jessica
  1507 | D:3      | Reached skill level 6 in Polearms
  1507 | D:3      | Reached XP level 5. HP: 31/42 MP: 5/5
  1908 | D:3      | Identified the +0 leather armour "Ohuwylig" {rElec}
  2378 | D:4      | Reached XP level 6. HP: 41/49 MP: 6/6
  2651 | D:4      | Noticed Robin
  2665 | D:4      | Killed Robin
  2677 | D:4      | Reached *** piety under Trog
  2705 | D:4      | Reached skill level 7 in Polearms
  3023 | D:5      | Entered Level 5 of the Dungeon
  3023 | D:5      | Found the amulet of Elemental Vulnerability {rPois rF--
                  | rC-- AC+8}
  3029 | D:5      | Reached skill level 5 in Fighting
  3029 | D:5      | Reached skill level 5 in Dodging
  3032 | D:5      | Reached XP level 7. HP: 56/56 MP: 7/7
  3174 | D:6      | Noticed Blork the orc
  3183 | D:6      | Killed Blork the orc
  3184 | D:6      | Reached skill level 8 in Polearms
  3189 | D:6      | Noticed Menkaure
  3213 | D:6      | Killed Menkaure
  3214 | D:6      | Reached skill level 9 in Polearms
  3390 | D:6      | Reached XP level 8. HP: 57/64 MP: 8/8
  3475 | D:6      | Reached skill level 10 in Polearms
  3624 | D:6      | Noticed Duvessa
  3640 | D:6      | Noticed Dowan
  3652 | D:6      | Killed Duvessa
  3653 | D:6      | Reached skill level 11 in Polearms
  3657 | D:6      | Killed Dowan
  3966 | D:6      | Found a staircase to the Ecumenical Temple.
  4296 | D:7      | Reached skill level 12 in Polearms
  4411 | D:7      | Reached XP level 9. HP: 62/69 MP: 9/9
  4454 | D:7      | Reached skill level 13 in Polearms
  5028 | D:7      | Noticed a hornet
  5037 | D:7      | Killed a hornet
  5383 | D:8      | Noticed Grum
  5416 | D:7      | Reached skill level 14 in Polearms
  5528 | D:8      | Killed Grum
  5577 | D:8      | Noticed Joseph
  5598 | D:8      | Killed Joseph
  5599 | D:8      | Reached skill level 15 in Polearms
  5896 | D:8      | Reached **** piety under Trog
  5965 | D:8      | Noticed Erica
  5968 | D:8      | Noticed Gastronok
  5979 | D:8      | Killed Erica
  5980 | D:8      | Reached XP level 10. HP: 79/79 MP: 10/10
  5995 | D:8      | Killed Gastronok
  6094 | D:8      | Found a blossoming altar of Fedhas.
  6158 | D:8      | Reached skill level 16 in Polearms
  6492 | D:8      | Found a staircase to the Lair.
  6884 | D:9      | Identified the +6 sling of Oboru {flame, rElec rN+ Will+
                  | SInv}
  7029 | D:9      | Reached XP level 11. HP: 82/90 MP: 11/11
  7203 | D:9      | Reached skill level 10 in Fighting
  7902 | D:10     | Entered Level 10 of the Dungeon
  7902 | D:10     | You fall into a shaft and drop 2 floors!
  8106 | D:12     | Reached skill level 17 in Polearms
  8342 | D:12     | Found Nuapnups's Vocational Training.
  8480 | D:12     | Noticed a sun demon
  8482 | D:12     | Reached skill level 5 in Armour
  8573 | D:12     | Noticed a purple ugly thing
  8585 | D:12     | Killed a purple ugly thing
  8868 | D:11     | Noticed a cyclops
  8883 | D:11     | Killed a cyclops
  9138 | D:10     | Reached XP level 12. HP: 59/102 MP: 12/12
  9334 | D:10     | Reached ***** piety under Trog
  9393 | D:10     | Found an iron altar of Okawaru.
  9486 | D:10     | Found an opulent altar of Gozag.
  9648 | D:10     | Found a staircase to the Orcish Mines.
  9666 | D:10     | Found a basalt altar of Yredelemnul.
  9736 | D:10     | Found a hazy altar of Hepliaklqana.
  9751 | D:10     | Reached skill level 18 in Polearms
  9836 | D:10     | Noticed Lodul
  9858 | D:10     | Killed Lodul
  9859 | D:10     | Reached skill level 1 in Throwing
  9859 | D:10     | Reached skill level 1 in Evocations
 11282 | Lair:1   | Entered Level 1 of the Lair of Beasts
 11282 | Lair:1   | Noticed Sonja
 11285 | Lair:1   | Killed Sonja
 11391 | Lair:1   | Noticed Nergalle
 11404 | Lair:1   | Killed Nergalle
 11591 | Lair:1   | Reached skill level 19 in Polearms
 11784 | D:5      | Identified a scroll of acquirement
 11784 | D:5      | Acquired a +5 heavy glaive
 11976 | Lair:1   | Reached skill level 5 in Throwing
 11976 | Lair:1   | Reached skill level 5 in Evocations
 11981 | Lair:1   | Reached XP level 13. HP: 104/108 MP: 13/13
 12512 | Lair:2   | Found a transporter.
 12533 | Lair:2   | Found a transporter.
 12618 | Lair:2   | Found a staircase to the Snake Pit.
 12718 | Lair:2   | Noticed Harold
 12728 | Lair:2   | Killed Harold
 13597 | Lair:3   | You fall into a shaft and drop 1 floor!
 13619 | Lair:4   | Noticed Snorg
 13637 | Lair:4   | Killed Snorg
 13948 | Lair:3   | Reached skill level 20 in Polearms
 14159 | Lair:3   | Found a staircase to the Swamp.
 14585 | Lair:4   | Received a gift from Trog
 14593 | Lair:4   | Reached XP level 14. HP: 92/115 MP: 14/14
 14715 | Lair:4   | Reached skill level 10 in Throwing
 14973 | Lair:4   | Identified the +4 sling of Insufficient Pleasure {speed,
                  | rF- Str+7}
 15474 | Lair:5   | Entered Level 5 of the Lair of Beasts
 16473 | Lair:5   | Found a viscous altar of Jiyva.
 16473 | Lair:5   | Found a staircase to the Slime Pits.
 16487 | Lair:5   | Reached XP level 15. HP: 125/125 MP: 15/15
 16853 | Lair:5   | Acquired a +0 halberd of flaming
 17250 | D:13     | Received a gift from Trog
 17854 | D:13     | Found a gate to the Vaults.
 17992 | D:13     | Found a glowing silver altar of Zin.
 18030 | D:14     | Identified the +2 ring mail of Vib Esuth {rPois Will+
                  | Str+4}
 18193 | D:14     | Slain by a skeletal warrior

Illustrated notes

Levels and vault maps discovered:
D:1:      tarquinn_simple_flora_water_d, layout_loops_ring
D:2:      layout_basic
D:3:      layout_loops_ring, kennysheep_small_spiral, uniq_jessica
D:4:      layout_basic, uniq_robin
D:5:      layout_gridville, grunt_ministairs_1
D:6:      layout_cave_pools, temple_statues, uniq_menkaure, uniq_duvessa,
          uniq_blork_the_orc
D:7:      layout_basic, chequers_avenue
D:8:      layout_basic, mainiacjoe_overflow_24_doors, erik_lair_dragon,
          serial_ice, serial_ice_m, serial_ice_d, serial_ice_e, serial_ice_i,
          uniq_erica, uniq_grum, uniq_joseph, uniq_gastronok
D:9:      layout_stronghold, kennysheep_nub, minmay_statues_item
D:10:     layout_long_grid, old_standard_altar, okawaru_metal_pillars_1_2,
          mainiacjoe_overflow_alcove_1, overflow_temple_1_default,
          minmay_orc_entry_temple_small, serial_ice, serial_ice_h, serial_ice_l,
          serial_ice_a, serial_ice_b, serial_ice_c, serial_ice_n, serial_ice_g,
          serial_ice_m, uniq_lodul
D:11:     layout_basic
D:12:     layout_roguey, nicolae_shop_vocational
D:13:     layout_basic, lightli_vaults_fourway_checkpoint, zin_scriptorium
D:14:     layout_basic, serial_shops, nicolae_shop_waterfront,
          nicolae_concentric_dashed_squares_wild
Lair:1:   layout_misc_corridors, uniq_sonja, uniq_nergalle
Lair:2:   gammafunk_cloud_chamber, layout_long_grid,
          minmay_snake_entry_guardpost_medium, grunt_megastairs_4, uniq_harold
Lair:3:   layout_gridlike, nicolae_swamp_entry_spooky
Lair:4:   layout_regular_city, uniq_snorg
Lair:5:   grunt_lair_end_beastmaster, layout_cave_shapes,
          minmay_slime_entry_oklob_enclosed, nicolae_lair_run_with_the_wolves

Skill      XL: |  1  2  3  4  5  6  7  8  9 10 11 12 13 14 15 |
---------------+----------------------------------------------+-----
Dodging        | 3 4 5 6 8 9 |  9.9
Polearms       | 5 6 7 9 12 15 16 17 19 20 | 20.0
Fighting       | 4 5 6 7 9 12 13 14 | 14.8
Armour         | 2 3 5 6 7 |  7.6
Throwing       | 5 9 12 | 12.0
Evocations     | 5 7 |  7.0

Action                   |  1- 3 |  4- 6 |  7- 9 | 10-12 | 13-15 || total
-------------------------+-------+-------+-------+-------+-------++-------
Melee: Spear             |   129 |   273 |   315 |       |       ||   717
       Punch             |     1 |     5 |     6 |     9 |     2 ||    23
       Trident           |       |       |    47 |   615 |    38 ||   700
       Halberd           |       |       |       |   237 |     3 ||   240
       Glaive            |       |       |       |    11 |   580 ||   591
Throw: Stone             |       |     2 |     3 |    16 |     3 ||    24
       Dart              |       |       |       |       |    27 ||    27
Invok: Berserk           |     1 |     3 |     7 |    13 |    13 ||    37
       Trog's Hand       |       |     1 |     4 |     6 |     3 ||    14
       Brothers in Arms  |       |       |       |       |     2 ||     2
Evoke: Wand              |       |       |       |     5 |     3 ||     8
  Use: Potion            |       |       |     2 |     2 |       ||     4
       Scroll            |       |       |    18 |     8 |     4 ||    30
 Stab: Sleeping          |     1 |       |       |       |       ||     1
       Petrifying        |       |       |       |     1 |       ||     1
       Petrified         |       |       |       |       |     1 ||     1
Armor: Leather armour    |    20 |       |       |       |       ||    20
       Chain mail        |    26 |   132 |   150 |   161 |       ||   469
       Plate armour      |       |       |       |   150 |    14 ||   164
       Scale mail        |       |       |       |       |   368 ||   368
Dodge: Dodged            |    58 |    95 |   102 |   278 |   425 ||   958

Table legend: (Time is in decaauts)
 A = Elapsed time spent in this place.
 B = Non-inter-level travel time spent in this place.
 C = Inter-level travel time spent in this place.
 D = Time resting spent in this place.
 E = Time spent auto-exploring this place.
 F = Levels seen in this place.
 G = Mean time per level.
                   A        B        C        D        E       F      G
               +--------+--------+--------+--------+--------+-----+--------+
         Total |  17935 |  16535 |   1400 |   1818 |  11309 |  19 |  943.9 |
       Dungeon |  12391 |  11356 |   1035 |   1310 |   7750 |  14 |  885.1 |
          Lair |   5543 |   5179 |    364 |    507 |   3559 |   5 | 1108.6 |
               +--------+--------+--------+--------+--------+-----+--------+

Top non-repeatable levels by time:
     D:8: 1510 daAuts
     D:7: 1492 daAuts
  Lair:5: 1368 daAuts
  Lair:4: 1230 daAuts
    D:10: 1214 daAuts
  Lair:2: 1150 daAuts
     D:9: 1062 daAuts
    D:11: 1012 daAuts
    D:12: 964 daAuts
  Lair:1: 901 daAuts
  Lair:3: 892 daAuts
    D:13: 862 daAuts
     D:6: 846 daAuts
     D:1: 841 daAuts
     D:4: 829 daAuts
